 Dungeon Crawl Stone Soup version 0.29-a0-409-gd843f3a48c (webtiles) character file.

Game seed: 6832826433340190788

2776 Pelinal the Martial Artist (level 9, -1/41 HPs)
             Began as a Vine Stalker Transmuter on May 14, 2022.
             Slain by a gnoll sergeant
             ... wielding a +0 halberd
              (10 damage)
             ... in a bailey.
             The game lasted 00:25:02 (7298 turns).

Pelinal the Martial Artist (VSTm)                   Turns: 7298, Time: 00:25:03

Health: -1/41      AC:  3    Str: 14    XL:     9   Next: 70%
Magic:  0/13       EV: 15    Int: 19    God:
Gold:   185        SH:  0    Dex: 18    Spells: 6/12 levels left

rFire   . . .      SeeInvis .     - Unarmed
rCold   . . .      Faith    .   (no shield)
rNeg    . . .      Spirit   +   L - +0 robe "Romerod" {Slay+3}
rPois   .          Reflect  .   (no helmet)
rElec   .          Harm     .   (no cloak)
rCorr   .          Rampage  .   (no gloves)
Will    +....                   I - +0 pair of boots
Stlth   ++........              f - amulet of regeneration
HPRegen 1.73/turn               r - +6 ring of intelligence
MPRegen 0.13/turn               (no ring)

@: no status effects
A: fangs 3, regeneration 1, magic shield, antimagic bite, no potion heal 2
a: no special abilities


You were in a bailey.
You visited 2 branches of the dungeon, and saw 8 of its levels.
You also visited: Sewer, Ossuary and Bailey.

You collected 493 gold pieces.
You spent 308 gold pieces at shops.

Inventory:

Hand Weapons
 c - a +2 short sword of draining
 i - a +5 dagger of venom
 x - a +1 whip of electrocution
Missiles
 d - 141 stones
 v - 2 javelins
 O - 2 throwing nets
Armour
 a - a +0 robe
 y - a +0 leather armour
 I - a +0 pair of boots (worn)
 L - the +0 robe "Romerod" (worn) {Slay+3}
   (You bought it in a shop on level 3 of the Dungeon)

   Slay:      It affects your accuracy & damage with ranged weapons and melee
   (+3).
Jewellery
 f - an amulet of regeneration (around neck)
 m - an amulet of reflection
 r - a +6 ring of intelligence (left hand)
 M - a ring of resist corrosion
Wands
 s - a wand of iceblast (8)
 N - a wand of paralysis (8)
Scrolls
 e - a scroll of vulnerability
 g - 2 scrolls of immolation
 h - a scroll of amnesia {unknown}
 l - 6 scrolls of teleportation
 o - 2 scrolls of blinking
 p - 2 scrolls of identify
 z - a scroll of poison
 C - a scroll of enchant weapon {unknown}
 F - a scroll of brand weapon {unknown}
 H - a scroll of fog
 J - a scroll of summoning {unknown}
 K - a scroll of enchant armour {unknown}
Potions
 b - 3 potions of lignification
 j - 5 potions of curing
 k - a potion of berserk rage
 n - 2 potions of ambrosia
 q - 4 potions of attraction
 t - a potion of mutation
 u - 3 potions of cancellation
 w - a potion of haste
 A - 4 potions of flight
 B - 2 potions of brilliance
 D - a potion of might {unknown}
 E - 3 potions of resistance
 G - a potion of degeneration


   Skills:
 - Level 1.0 Fighting
 - Level 6.4 Dodging
 - Level 8.0 Unarmed Combat
 - Level 2.2 Spellcasting
 + Level 7.0 Transmutations
 + Level 3.2 Poison Magic


You had 6 spell levels left.
You knew the following spells:

 Your Spells              Type           Power      Damage    Failure   Level
a - Beastly Appendage     Tmut           56%        N/A       1%          1
b - Wereblood             Tmut           28%        N/A       1%          2
c - Spider Form           Tmut/Pois      21%        N/A       6%          3

Your spell library contained the following spells:

 Spells                   Type           Power      Damage    Failure   Level
 Slow                     Hex            8%         N/A       17%         1
 Blade Hands              Tmut           14%        N/A       26%         5
 Ice Form                 Ice/Tmut       15%        N/A       36%         4
 Confusing Touch          Hex            2%         N/A       45%         3
 Vampiric Draining        Necr           2%         2d6       45%         3
 Animate Armour           Summ/Erth      4%         N/A       86%         4
 Iron Shot                Conj/Erth      1%         9d1       100%        6


Dungeon Overview and Level Annotations

Branches:
Dungeon (7/15)             Temple (1/1) D:6           Sewer (visited)
Ossuary (visited)          Bailey (1/1)

Altars:
Ashenzari
Cheibriados
Elyvilon
Hepliaklqana
Makhleb
Nemelex Xobeh
Qazlal
Ru
Sif Muna
Trog
Uskayaw
Wu Jian
Zin

Shops:
D:3 [**?   D:4 =*=

Annotations:
D:7 Dowan, Duvessa


Innate Abilities, Weirdness & Mutations

You have razor-sharp teeth.
Your natural rate of healing is unusually fast.
When hurt, damage is shared between your health and your magic reserves.
Your bite disrupts and absorbs the magic of your enemies.
Potions cannot restore your health.


Message History

You kill the gnoll sergeant!
The gnoll sergeant hits you from afar with a +0 halberd.
Your Poison Magic skill increases to level 3!
You close the door, pushing everything out of the way.
The gnoll sergeant completely misses you.
The wolf barely misses you.
Unknown command.
Aiming: Iceblast
Press: ? - help, Shift-Dir - straight line The mass of ice explodes!
The iceblast engulfs the gnoll sergeant.
The gnoll sergeant is moderately wounded.
The iceblast engulfs the wolf!
The wolf is severely wounded.
You hear a shout! x5; You hear a howl!
You hear a shout!
The gnoll sergeant hits you from afar with a +0 halberd!
The wolf completely misses you.
You hear a shout!
Unknown command.
Unknown command.
You are too injured to fight recklessly!
Unknown command.
Aiming: Iceblast
Press: ? - help, Shift-Dir - straight line The mass of ice explodes!
The iceblast engulfs the gnoll sergeant.
The gnoll sergeant is heavily wounded.
The iceblast engulfs the wolf!
You kill the wolf!
Your horns disappear.
Your talons disappear.
Your +0 pair of boots unmelds from your body.
You hear a howl!
The gnoll sergeant hits you from afar with a +0 halberd!!
* * * LOW HITPOINT WARNING * * *
Your Transmutations skill increases to level 7!
Unknown command.
You are too injured to fight recklessly!
Unknown command.
The gnoll sergeant hits you with a +0 halberd!
You die...

#...≈≈♣♣ ###..≈.♣ #..≈.♣♣
#..≈..♣ ##### #..≈..♣
##...## #..≈..♣♣ ##'
##.....######..≈...♣♣
....#.......#...'......)♣♣♣
....'...8g@)+...'......)†(∩
...#......)#...'.......♣♣♣
# ##.....######).≈...♣♣
##...## #))≈...♣ #####
#).≈...♣ #.)≈..♣♣ #).≈.♣♣
###).≈.♣ #...≈≈♣♣


You could see a gnoll sergeant.

Vanquished Creatures
  Eustachio (D:4)
  A sky beast (D:6)
  A black bear (D:6)
  2 ice beasts
  2 ogres
  3 wolves (Bailey)
  3 phantoms
  3 bullfrogs
  4 gnoll sergeants
  A necrophage (D:5)
  A scorpion (D:5)
  2 jellies (D:5)
  6 hounds
  2 gnoll shamans (Bailey)
  Jessica (D:2)
  Terence (D:2)
  3 iguanas
  2 orc wizards
  13 mummies (Ossuary)
  9 adders
  14 gnolls
  3 shadow imps
  2 ufetubi (D:7)
  3 dart slugs
  13 orcs
  17 ball pythons
  18 endoplasms
  17 giant cockroaches
  6 goblins
  8 hobgoblins
  9 jackals
  6 quokkas
  5 bats
  11 frilled lizards
  4 goblin skeletons (Ossuary)
  11 kobolds
  3 kobold skeletons (Ossuary)
  An orc skeleton (Ossuary)
  9 rats
  11 rat skeletons (Ossuary)
232 creatures vanquished.

Notes
Turn   | Place    | Note
-------+----------+-------------------------------------------
     0 | D:1      | Pelinal the Vine Stalker Transmuter began the quest for the
                  | Orb.
     0 | D:1      | Reached XP level 1. HP: 9/9 MP: 4/4
    81 | D:1      | Found a faded altar of an unknown god.
    97 | D:1      | Reached skill level 1 in Fighting
   427 | D:1      | Reached XP level 2. HP: 14/14 MP: 3/6
   497 | D:1      | Learned a level 2 spell: Wereblood
   709 | D:1      | You fall into a shaft and drop 1 floor!
   739 | D:1      | Reached XP level 3. HP: 18/18 MP: 5/7
  1205 | D:2      | Noticed Terence
  1367 | D:2      | Noticed Jessica
  1376 | D:2      | Killed Jessica
  1377 | D:2      | Gained mutation: Your natural rate of healing is unusually
                  | fast. [Vine Stalker growth]
  1377 | D:2      | Reached XP level 4. HP: 11/22 MP: 6/8
  1583 | D:2      | Killed Terence
  1611 | D:2      | Reached XP level 5. HP: 25/25 MP: 7/9
  1755 | D:2      | Reached skill level 5 in Transmutations
  2123 | D:3      | Found Jeiwk's Assorted Antiques.
  2132 | D:3      | Found Xuver's General Store.
  2137 | D:3      | Bought a scroll of identify for 24 gold pieces
  2215 | D:3      | Found a glowing drain.
  2232 | Sewer    | Entered a sewer
  2364 | Sewer    | Reached XP level 6. HP: 30/30 MP: 10/10
  2549 | D:3      | Found Jydopro's Antique Armour Boutique.
  2682 | D:3      | Reached skill level 4 in Unarmed Combat
  2682 | D:3      | Reached XP level 7. HP: 24/33 MP: 4/11
  2768 | D:3      | Identified the +1 ring mail "Kitiyson" {rF+ Dex+6 Slay-3}
  2868 | D:3      | Found Holeq's Magic Scroll Boutique.
  2984 | D:3      | Bought a scroll of teleportation for 39 gold pieces
  2984 | D:3      | Bought a scroll of identify for 26 gold pieces
  2984 | D:3      | Bought a scroll of identify for 26 gold pieces
  2984 | D:3      | Bought a scroll of identify for 26 gold pieces
  2984 | D:3      | Bought a scroll of identify for 26 gold pieces
  2984 | D:3      | Bought a scroll of teleportation for 39 gold pieces
  3181 | D:4      | Found Makk's Jewellery Shoppe.
  3348 | D:4      | Found Tudarudgh's Assorted Antiques.
  3507 | D:4      | Noticed Eustachio
  3538 | D:4      | Killed Eustachio
  3620 | D:4      | Found a sand-covered staircase.
  3633 | Ossuary  | Entered an ossuary
  3817 | Ossuary  | Reached skill level 5 in Unarmed Combat
  4133 | D:4      | Found Udyrhar's Jewellery Emporium.
  4375 | D:4      | Gained mutation: You have razor-sharp teeth. [Vine Stalker
                  | growth]
  4375 | D:4      | Reached XP level 8. HP: 37/37 MP: 12/12
  4693 | D:5      | Entered Level 5 of the Dungeon
  4878 | D:5      | Reached skill level 6 in Unarmed Combat
  5058 | D:5      | Reached skill level 5 in Dodging
  5234 | D:5      | Reached skill level 7 in Unarmed Combat
  5291 | D:5      | Identified the +4 scale mail of Good Intentions {rPois
                  | Int+4}
  5710 | D:3      | Bought a steaming robe for 102 gold pieces
  5710 | D:3      | Identified the +0 robe "Romerod" {Slay+3} (You bought it in
                  | a shop on level 3 of the Dungeon)
  5853 | D:6      | Reached XP level 9. HP: 41/41 MP: 9/13
  6235 | D:6      | Found a staircase to the Ecumenical Temple.
  6244 | Temple   | Entered the Ecumenical Temple
  6742 | D:7      | Noticed Duvessa
  6742 | D:7      | Noticed Dowan
  6839 | D:7      | Found a broken altar of Ashenzari.
  6883 | D:7      | Found a sacrificial altar of Ru.
  7009 | D:7      | Reached skill level 8 in Unarmed Combat
  7060 | D:7      | Learned a level 3 spell: Spider Form
  7117 | D:7      | Found a flagged portal.
  7126 | Bailey   | Entered a bailey
  7185 | Bailey   | Reached skill level 1 in Poison Magic
  7298 | Bailey   | Slain by a gnoll sergeant

Illustrated notes

Levels and vault maps discovered:
D:1:      wander_arrival_estate, layout_basic, ebering_ecumenical_altar_mist
D:2:      layout_basic, uniq_jessica, uniq_terence
D:3:      layout_rooms, cheibrodos_sewer_entry_sluice, serial_shops,
          shop_statue, nicolae_shop_overgrown_old_shop, shop, shop,
          grunt_decor_arrowhead, minmay_vboxes
D:4:      minmay_chambers_of_threes, layout_basic,
          nicolae_ossuary_entry_monument, serial_shops,
          nicolae_shop_overgrown_old_shop, nicolae_shop_waterfront,
          nicolae_shop_statue_plus, chequers_serial_rivers_small_3,
          roderic_nine_men_s_morris, uniq_eustachio
D:5:      layout_cave_pools
D:6:      layout_loops_ring, minmay_temple_entry_poolview
D:7:      layout_loops_ring, mainiacjoe_overflow_six_doors_small,
          nicolae_ashenzari_panopticon, mainiacjoe_overflow_catwalk_spiral,
          enter_bailey_8, uniq_pikel, uniq_duvessa, uniq_crazy_yiuf_cottage
Temple:   jpeg_temple_clearing
Bailey:   bailey_polearm_gnolls_kennysheep, bailey

Skill      XL: |  1  2  3  4  5  6  7  8  9 |
---------------+----------------------------+-----
Fighting       | 1 |  1.0
Transmutations | 3 4 6 7 |  7.0
Dodging        | 2 4 5 6 |  6.4
Unarmed Combat | 4 5 7 8 |  8.0
Poison Magic   | 3 |  3.2
Spellcasting   | |  2.2

Action                   |  1- 3 |  4- 6 |  7- 9 || total
-------------------------+-------+-------+-------++-------
Melee: Unarmed           |    94 |       |   133 ||   227
       Bite              |    19 |    34 |    96 ||   149
       Kick              |    20 |    20 |    58 ||    98
       Headbutt          |     9 |    10 |    39 ||    58
       Punch             |     2 |     1 |    15 ||    18
       Dagger            |       |   147 |    78 ||   225
       Whip              |       |       |    78 ||    78
 Cast: Beastly Appendage |    23 |    14 |    28 ||    65
       Wereblood         |       |     4 |    13 ||    17
Evoke: Wand              |       |       |     6 ||     6
  Use: Scroll            |       |     3 |    14 ||    17
 Stab: Sleeping          |     1 |       |     4 ||     5
Armor: Robe              |    14 |    47 |    17 ||    78
Dodge: Dodged            |    60 |   106 |   172 ||   338

Table legend: (Time is in decaauts)
 A = Elapsed time spent in this place.
 B = Non-inter-level travel time spent in this place.
 C = Inter-level travel time spent in this place.
 D = Time resting spent in this place.
 E = Time spent auto-exploring this place.
 F = Levels seen in this place.
 G = Mean time per level.
                   A        B        C        D        E       F      G
               +--------+--------+--------+--------+--------+-----+--------+
         Total |   7357 |   6869 |    488 |    647 |   3542 |  11 |  668.8 |
       Dungeon |   6201 |   5769 |    432 |    528 |   3379 |   7 |  885.9 |
        Temple |    182 |    126 |     56 |      0 |    108 |   1 |  182.0 |
         Sewer |    326 |    326 |      0 |      9 |      2 |   1 |  326.0 |
       Ossuary |    482 |    482 |      0 |    100 |     52 |   1 |  482.0 |
        Bailey |    164 |    164 |      0 |     10 |      0 |   1 |  164.0 |
               +--------+--------+--------+--------+--------+-----+--------+

Top non-repeatable levels by time:
     D:4: 1434 daAuts
     D:1: 1160 daAuts
     D:6: 896 daAuts
     D:2: 878 daAuts
     D:3: 853 daAuts
     D:5: 652 daAuts
 Ossuary: 482 daAuts
   Sewer: 326 daAuts
     D:7: 325 daAuts
  Temple: 182 daAuts
  Bailey: 164 daAuts
